 Dungeon Crawl Stone Soup version 0.30-a0-557-ge2afbf3030 (webtiles) character file.

Game seed: 13298776441986081330

39 MineK the Shield-Bearer (level 3, 0/24 HPs)
             Began as a Gargoyle Fighter on Dec 27, 2022.
             Killed from afar by Sigmund (9 damage)
             ... with a puff of flame
             ... on level 2 of the Dungeon.
             The game lasted 00:06:37 (803 turns).

MineK the Shield-Bearer (Gargoyle Fighter)           Turns: 803, Time: 00:06:38

Health: 0/24       AC: 10    Str: 21    XL:     3   Next: 47%
Magic:  3/3        EV: 10    Int:  8    God:
Gold:   93         SH:  0    Dex:  9    Spells: 2/2 levels left

rFire   . . .      SeeInvis .    q - +2 whip (venom)
rCold   . . .      Faith    .    c - +0 buckler
rNeg    + + .      Spirit   .    l - +0 ring mail {rN+}
rPois   ∞          Reflect  .    (no helmet)
rElec   +          Harm     .    (no cloak)
rCorr   .          Rampage  .    h - +0 pair of gloves
Will    .....                    (no boots) Stlth
                                 (no amulet)
HPRegen 0.24/turn                (no ring)
MPRegen 0.08/turn                (no ring)

@: confused
A: sickness immunity, AC +3, negative energy resistance 1, electricity
resistance, torment resistance 1, petrification resistance
a: no special abilities


You were on level 2 of the Dungeon.
You visited 1 branch of the dungeon, and saw 2 of its levels.

You collected 93 gold pieces.

Inventory:

Hand Weapons
 a - a +0 flail
 q - a +2 whip of venom (weapon)
Missiles
 i - 6 atropa-tipped darts
 k - a throwing net (quivered)
Armour
 c - a +0 buckler (worn)
 h - a +0 pair of gloves (worn)
 l - a +0 ring mail of positive energy (worn)
Scrolls
 b - a scroll of fear {unknown}
 f - 3 scrolls of identify {unknown}
 g - a scroll of immolation {unknown}
 o - a scroll of fog {unknown}
 p - a scroll of blinking {unknown}
Potions
 d - a potion of might
 e - a potion of lignification {unknown}
 j - a potion of brilliance {unknown}
 m - a potion of haste {unknown}
 n - a potion of flight {unknown}


   Skills:
 * Level 3.8 Fighting
 + Level 2.4 Maces & Flails
 - Level 3.5 Armour
 * Level 3.9 Shields


You had 2 spell levels left.
You didn't know any spells.
Your spell library was empty.

Dungeon Overview and Level Annotations

Branches:
Dungeon (2/15)

Altars:

Annotations:
D:2 Sigmund


Innate Abilities, Weirdness & Mutations

You are immune to sickness and miasma.
Your stone body is resilient. (AC +3)
You are immune to poison.
You resist negative energy. (rN+)
You are resistant to electric shocks. (rElec)
You are resistant to unholy torment.
You are immune to petrification.


Message History

You kill the rat!
You see here a rat corpse.
Found an escape hatch in the ceiling.
A rat comes into view.
The rat bites you but does no damage.
You hit the rat but do no damage. The rat bites you but does no damage.
You hit the rat but do no damage. The rat closely misses you.
You thump the rat!
You kill the rat!
p - a scroll labelled YDEKAA ABEAMO You now have 93 gold pieces (gained 14).
You see here a +2 whip of venom.
You see here a +2 whip of venom.
q - a +2 whip of venom Your +2 whip of venom begins to drip with poison!
q - a +2 whip of venom (weapon)
Found a stone staircase leading down.
Sigmund the Dreaded comes into view.
He is wielding a +0 scythe.
Sigmund shouts!
Sigmund drinks a potion.
Sigmund suddenly seems more resistant.
Sigmund points at you and mumbles some strange words.
You are confused.
You are too confused!
Sigmund hits you with a +0 scythe. Sigmund attacks as you move away!
Sigmund hits you with a +0 scythe.
You feel less confused.
Sigmund points at you and mumbles some strange words.
The magic dart hits you. Sigmund gestures at you while chanting.
The puff of flame hits you!
* * * LOW HITPOINT WARNING * * *
Sigmund gestures at you while chanting.
You are confused.
Sigmund gestures wildly while chanting.
Sigmund flickers and vanishes!
Deactivating autopickup; reactivate with Ctrl-A.
You hear some strange, mumbled words.
A puff of flame appears from out of thin air!
The puff of flame hits you!
You die...

#.......#.###.# ...##.#.
####........# ........
###.....#.#...####### #......
#.......#.#.#.......# #......
#.......#.#.#.......# #......
#.......#@..........# #......
#...........#{......# #......
#......######.......# ##......
###.#######....@....# #...#.##
#.# #....##......#####.#.#.#
#.# #....##......#.....#.#.##
#@# #....###.<..........†.... .
##.#######.##......#.#####.#.##
..#.....# #.##......#.# #.#.#
........# #.##......#.# #.#.#
.#......# #.##......#.# #.#(#
#......# #.........#.# ..#.#


There were no monsters in sight!

Vanquished Creatures
  An adder (D:2)
  A dart slug (D:1)
  6 ball pythons
  3 endoplasms (D:1)
  5 goblins
  3 hobgoblins (D:1)
  A quokka (D:1)
  3 bats
  A frilled lizard (D:1)
  3 rats
27 creatures vanquished.

Notes
Turn   | Place    | Note
-------+----------+-------------------------------------------
     0 | D:1      | MineK the Gargoyle Fighter began the quest for the Orb.
     0 | D:1      | Reached XP level 1. HP: 14/14 MP: 1/1
    51 | D:1      | Reached XP level 2. HP: 19/19 MP: 2/2
    87 | D:1      | Found a faded altar of an unknown god.
   552 | D:2      | Reached XP level 3. HP: 24/24 MP: 3/3
   774 | D:2      | Noticed Sigmund
   803 | D:2      | Killed from afar by Sigmund

Illustrated notes

Levels and vault maps discovered:
D:1:      wander_arrival_lonely_grave, layout_rooms,
          shapermc_ecumenical_altar_mp_highgroup, kennysheep_flooded_box
D:2:      layout_basic, serial_shops, shop_statue, uniq_sigmund, uniq_robin

Action                   || total
-------------------------++-------
Melee: Flail             ||    84
Armor: Scale mail        ||    17
       Ring mail         ||    28
Dodge: Dodged            ||    46
Block: Buckler           ||    24

Table legend: (Time is in decaauts)
 A = Elapsed time spent in this place.
 B = Non-inter-level travel time spent in this place.
 C = Inter-level travel time spent in this place.
 D = Time resting spent in this place.
 E = Time spent auto-exploring this place.
 F = Levels seen in this place.
 G = Mean time per level.
                   A        B        C        D        E       F      G
               +--------+--------+--------+--------+--------+-----+--------+
         Total |    830 |    830 |      0 |     48 |    380 |   2 |  415.0 |
       Dungeon |    830 |    830 |      0 |     48 |    380 |   2 |  415.0 |
               +--------+--------+--------+--------+--------+-----+--------+

Top non-repeatable levels by time:
     D:1: 541 daAuts
     D:2: 288 daAuts
